 Dungeon Crawl Stone Soup version 0.22-a0-480-g991dd4b (webtiles) character file.

72 KillYourself the Shield-Bearer (level 4, -1/40 HPs)
             Began as a Minotaur Fighter on June 16, 2018.
             Succumbed to Sigmund's poison
             ... on level 3 of the Dungeon.
             The game lasted 00:06:24 (1419 turns).

KillYourself the Shield-Bearer (Minotaur Fighter)   Turns: 1419, Time: 00:06:25

Health: -1/40      AC: 11    Str: 21    XL:     4   Next: 7%
Magic:  3/3        EV:  4    Int:  5    God:
Gold:   112        SH:  9    Dex: 10    Spells: 3/3 levels left

rFire    . . .     SeeInvis .   a - +0 war axe
rCold    . . .     Gourm    .   c - +0 shield
rNeg     . . .     Faith    .   i - +0 plate armour
rPois    .         Spirit   .   (helmet restricted)
rElec    .         Reflect  .   (no cloak)
rCorr    .         Harm     .   (no gloves)
MR       .....                  (no boots)
Stlth    ..........             (no amulet)
HPRegen  0.13/turn              (no ring)
MPRegen  0.08/turn              (no ring)

@: lethally poisoned (-1 -> -23)
A: retaliatory headbutt, horns 2
a: no special abilities


You were on level 3 of the Dungeon.
You were not hungry.

You visited 1 branch of the dungeon, and saw 3 of its levels.

You collected 112 gold pieces.

Inventory:

Hand Weapons
 a - a +0 war axe (weapon)
Armour
 b - a +0 scale mail
 c - a +0 shield (worn)
 i - a +0 plate armour (worn)
 j - a +0 helmet
 n - a +0 pair of boots
Scrolls
 g - 2 scrolls of teleportation
 h - 4 scrolls of identify
 k - a scroll of fear {unknown}
Potions
 d - a potion of might
 e - 2 potions of curing
Comestibles
 f - 2 rations
 l - 2 chunks of flesh


   Skills:
 + Level 4.0 Fighting
 * Level 3.7 Axes
 + Level 4.1 Armour
 + Level 0.5 Dodging
 + Level 0.1 Stealth
 + Level 4.4 Shields


You had 3 spell levels left.
You didn't know any spells.
Your spell library was empty.

Dungeon Overview and Level Annotations

Branches:
Dungeon (3/15)

Altars:

Annotations:
D:3 Sigmund


Innate Abilities, Weirdness & Mutations

You reflexively headbutt those who attack you in melee.
You have a pair of horns on your head.


Message History

Sigmund casts a spell at you. The puff of flame hits you!
* * * LOW HITPOINT WARNING * * *
You feel sick.
* * * LOW HITPOINT WARNING * * *
You feel sick.
* * * LOW HITPOINT WARNING * * *
You feel sick. You block Sigmund's attack.
You closely miss Sigmund.
* * * LOW HITPOINT WARNING * * *
You feel sick. You block Sigmund's attack.
You barely miss Sigmund.
* * * LOW HITPOINT WARNING * * *
You feel sick.
Sigmund hits you with a scythe of venom.
* * * LOW HITPOINT WARNING * * *
You are more poisoned.
You slash Sigmund! You headbutt Sigmund, but do no damage.
Sigmund is heavily wounded.
You die...

,*****,*
,*****,**********###
,**,,,,,,,**,,,,,..#
,**,**,**,*#.****#.#
,**,**,**,,...,,##.##**
,,,,,,,****#.#*,,...,,*
***,,*** #.#***#.#*,*
**,,,**####.#####.#*,*
**,,,,,*#.......@@.#*,******
*,,,,,,,#.......####*,,,,,,*
**,,,,,*#...)รท..# *,****,*
**,,,**#.......# *,,,**,*
**,** #...(...# *,,,**,* #,*
#.......# **,,,**,*
#.##*#.......# **,,,,,,,*
#...#####(#### *,,,,,,,**
*#........# **,,,,,**


You could see Sigmund.

Vanquished Creatures
  2 adders (D:2)
  3 dart slugs
  4 leopard geckos
  4 bats
  A goblin (D:2)
  5 hobgoblins
  3 jackals (D:3)
  8 frilled lizards
  6 kobolds
  11 rats
47 creatures vanquished.

Notes
Turn   | Place    | Note
-------+----------+-------------------------------------------
     0 | D:1      | KillYourself the Minotaur Fighter began the quest for the Orb.
     0 | D:1      | Reached XP level 1. HP: 19/19 MP: 0/0
   163 | D:1      | Reached XP level 2. HP: 27/27 MP: 1/1
  1027 | D:2      | Reached XP level 3. HP: 29/33 MP: 2/2
  1374 | D:3      | Reached XP level 4. HP: 40/40 MP: 3/3
  1403 | D:3      | Noticed Sigmund
  1418 | D:3      | HP: 2/40 [Sigmund/scythe of venom (4)]
  1419 | D:3      | Succumbed to Sigmund's poison

Vault maps used:
D:1:      minmay_arrival_four_houses, minmay_misc_feat_ornament
D:2:      first_ration
D:3:      uniq_sigmund

Skill      XL: |  1  2  3 |
---------------+----------+-----
Shields        | 4 |  4.4
Axes           | 3 |  3.7
Fighting       | 4 |  4.0
Armour         | 4 |  4.1
Dodging        | |  0.5
Stealth        | |  0.1

Action                   |  1- 3 |  4- 6 || total
-------------------------+-------+-------++-------
Melee: War axe           |   117 |    12 ||   129
       Headbutt          |    11 |     2 ||    13
  Use: Scroll            |     5 |       ||     5
       Potion            |     2 |       ||     2
  Eat: Chunk             |     1 |     1 ||     2
Armor: Scale mail        |    18 |       ||    18
       Plate armour      |    72 |    10 ||    82
Dodge: Dodged            |    24 |     5 ||    29
Block: Shield            |    68 |     7 ||    75

Table legend:
 A = Spawn XP
 B = Non-spawn XP
 C = Spawn XP percentage of total XP
 D = Spawn monster count
 E = Non-spawn monster count
 F = Spawn count percentage of total count
 G = Total turns spent on level
                    A         B        C        D         E        F      G
               +---------+---------+-------+---------+---------+-------+---------
         Total |       0 |     104 |   0.0 |       0 |      47 |   0.0 |  1419
               +---------+---------+-------+---------+---------+-------+---------
           D:1 |       0 |      34 |   0.0 |       0 |      21 |   0.0 |   877
           D:2 |       0 |      53 |   0.0 |       0 |      17 |   0.0 |   446
           D:3 |       0 |      17 |   0.0 |       0 |       9 |   0.0 |    96
               +---------+---------+-------+---------+---------+-------+---------
